 Dungeon Crawl Stone Soup version 0.32-a0-995-gb4a59205af (webtiles) character file.

Game seed: 13834426252517176639

53115 SageDae the Markstengu (level 14, 0/88 HPs)
             Began as a Tengu Hunter on Apr 22, 2024.
             Was the Champion of Okawaru.
             Slain by an entropy weaver (10 damage)
             ... on level 4 of the Lair of Beasts.
             The game lasted 00:27:39 (18357 turns).

SageDae the Markstengu (Tengu Hunter)              Turns: 18357, Time: 00:27:39

Health: 0/88       AC: 13    Str: 12    XL:     14   Next: 67%
Magic:  15/15      EV: 26    Int: 14    God:    Okawaru [******]
Gold:   2226       SH:  0    Dex: 29    Spells: 10/13 levels left

rFire   + . .        b - +7 dagger "Koehivav" {flame, Dex+3}
rCold   + . .        (no shield)
rNeg    . . .        D - +2 robe {rF+}
rPois   .            (helmet restricted)
rElec   .            g - +1 cloak "Doumuher" {rC+ Will+ Int+2}
rCorr   .            q - +1 pair of gloves
SInv    .            (boots unavailable)
Will    ++...        l - amulet of regeneration
Stlth   +++          d - +6 ring of dexterity
HPRegen 1.14/turn    v - +4 ring of protection
MPRegen 0.14/turn

%: acrobat
@: about to teleport, on berserk cooldown, flying, slowed, studying Air Magic,
invisible, very slow
A: beak, talons 3, evasive flight, acrobatic
a: Renounce Religion, Heroism, Finesse, Duel


You were on level 4 of the Lair of Beasts.
You worshipped Okawaru.
Okawaru was exalted by your worship.
You visited 2 branches of the dungeon, and saw 16 of its levels.
You also visited: Bailey and Gauntlet.

You collected 2226 gold pieces.

Inventory:

Hand Weapons
 a - a +9 longbow of flaming
 b - the +7 dagger "Koehivav" (weapon) {flame, Dex+3}
   (You found it on level 3 of the Dungeon)

   Dex+3:     It affects your dexterity (+3).
 S - a +4 rapier of venom
 X - a +1 longbow of flaming
Armour
 g - the +1 cloak "Doumuher" (worn) {rC+ Will+ Int+2}
   (Okawaru gifted it to you on level 12 of the Dungeon)

   Int+2:     It affects your intelligence (+2).
   rC+:       It protects you from cold.
   Will+:     It increases your willpower.
 i - a scarf of resistance
 q - a +1 pair of gloves (worn)
 B - a +2 chain mail of cold resistance
 D - a +2 robe of fire resistance (worn)
 G - a +0 troll leather armour
 J - a +2 robe of willpower
 N - a +1 robe of cold resistance
 T - the +8 chain mail of Spite {^Contam rC++ Str-5 Dex+2}
   (You took it off a minotaur in a Gauntlet)

   Str-5:     It affects your strength (-5).
   Dex+2:     It affects your dexterity (+2).
   rC++:      It greatly protects you from cold.
   ^Contam:   It causes magical contamination when unequipped.
Jewellery
 d - a +6 ring of dexterity (left hand)
 k - a ring of poison resistance
 l - an amulet of regeneration (around neck)
 v - a +4 ring of protection (right hand)
 M - a +6 ring of dexterity
 O - a +6 ring of dexterity
 Q - the amulet "Luinackyik" {Acrobat Rampage Will- SInv}
   (You found it in a Gauntlet)

   [amulet of the acrobat]

   Acrobat:   It increases your evasion while moving and waiting.
   Will-:     It decreases your willpower.
   SInv:      It lets you see invisible.
   Rampage:   It bestows one free step when moving towards enemies.
 R - a +6 ring of strength
 U - a +4 ring of protection
 V - a ring of wizardry
Wands
 c - a wand of paralysis (14)
 s - a wand of warping (13)
 u - a wand of acid (19)
 w - a wand of flame (23)
 y - a wand of polymorph (8)
Scrolls
 e - a scroll of butterflies
 o - 3 scrolls of amnesia
 r - 3 scrolls of poison
 x - 3 scrolls of fog
 A - 4 scrolls of immolation
 F - a scroll of enchant armour
 H - 3 scrolls of teleportation
 K - a scroll of fear
 L - 3 scrolls of vulnerability
 P - a scroll of silence
 W - 2 scrolls of identify
 Y - a scroll of blinking
Potions
 f - a potion of invisibility
 h - 2 potions of mutation
 j - 2 potions of magic
 m - 8 potions of enlightenment
 n - 11 potions of curing
 p - a potion of attraction
 t - a potion of heal wounds
 z - 2 potions of brilliance
 C - 2 potions of cancellation
 E - 3 potions of lignification {unknown}
 I - 2 potions of berserk rage {unknown}


   Skills:
 - Level 10.0 Fighting
 - Level 20.0 Ranged Weapons
 - Level 10.0 Armour
 - Level 10.0 Dodging
 - Level 1.0 Stealth
 + Level 12.1 Air Magic


You had 10 spell levels left.
You knew the following spells:

 Your Spells              Type           Power      Damage    Failure   Level
a - Swiftness             Air            33%        N/A       1%          3

Your spell library contained the following spells:

 Spells                   Type           Power      Damage    Failure   Level
 Airstrike                Air            16%        2d(3-19)  1%          4
 Shock                    Conj/Air       64%        1d7       2%          1
 Mercury Vapours          Alch/Air       32%        N/A       3%          2
 Apportation              Tloc           0%         N/A       28%         1
 Necrotise                Necr           0%         1d4       28%         1
 Sting                    Conj/Alch      0%         1d3       28%         1
 Jinxbite                 Hex            0%         N/A       41%         2
 Dazzling Flash           Conj/Hex       0%         N/A       65%         3
 Hailstorm                Conj/Ice       0%         3d5       65%         3
 Vampiric Draining        Necr           0%         2d6       65%         3
 Cause Fear               Hex            0%         N/A       96%         4
 Leda's Liquefaction      Alch/Erth      0%         N/A       96%         4
 Olgreb's Toxic Radiance  Alch           0%         N/A       96%         4
 Petrify                  Alch/Erth      0%         N/A       96%         4
 Alistair's Intoxication  Alch           0%         N/A       100%        5
 Curse of Agony           Necr           0%         N/A       100%        5
 Fireball                 Conj/Fire      0%         3d3       100%        5
 Iskenderun's Battlesphe  Conj           0%         2d6       100%        5
 Lee's Rapid Deconstruct  Erth           0%         3d4*      100%        5
 Metabolic Englaciation   Hex/Ice        0%         N/A       100%        5
 Starburst                Conj/Fire      0%         6d3       100%        6
 Orb of Destruction       Conj           0%         9d5       100%        7
 Fulsome Fusillade        Conj/Alch      0%         (3-5)d4   100%        8
 Animate Armour           Summ/Erth      Unusable   N/A       N/A         4
 Martyr's Knell           Necr/Summ      Unusable   N/A       N/A         4
 Summon Hydra             Summ           Unusable   N/A       N/A         7
 Dragon's Call            Summ           Unusable   N/A       N/A         9

Dungeon Overview and Level Annotations

Branches:
Dungeon (12/15)            Temple (0/1) D:7            Lair (4/5) D:8
 Shoals (0/4) Lair:2       Spider (0/4) Lair:2        Slime (0/5) Lair:4
    Orc (0/2) D:12         Bailey (visited)         Gauntlet (visited)

Altars:
Ashenzari
Cheibriados
Elyvilon
Hepliaklqana
Nemelex Xobeh
Okawaru
Vehumet
Wu Jian
The Shining One

Shops:
D:4 *   D:10 *

Portals:
Trove: D:11 (give +2 gold dragon scales)


Innate Abilities, Weirdness & Mutations

You have a beak for a mouth.
You have claws for feet.
Your magical flight helps you evade attacks. (EV +4)
You can magically evade attacks while moving or waiting.


Message History

The entropy weaver completely misses you.
The entropy weaver hits you. The entropy weaver closely misses you.
You hit the entropy weaver. You burn the entropy weaver.
The entropy weaver is lightly wounded.
The entropy weaver closely misses you. The entropy weaver hits you! x2
The entropy weaver misses you. The entropy weaver hits you.
The entropy weaver completely misses you.
The entropy weaver barely misses you. The entropy weaver closely misses you.
Unknown command.
You puncture the entropy weaver! You burn the entropy weaver.
You claw the entropy weaver. Your peck misses the entropy weaver.
The entropy weaver is moderately wounded.
The entropy weaver hits you but does no damage.
The entropy weaver hits you! The entropy weaver barely misses you.
The entropy weaver closely misses you. The entropy weaver hits you!
The entropy weaver hits you but does no damage.
The entropy weaver closely misses you.
The entropy weaver completely misses you.
You fade into invisibility!
The entropy weaver closely misses you. The entropy weaver misses you.
The entropy weaver closely misses you. The entropy weaver hits you.
* * * LOW HITPOINT WARNING * * *
The entropy weaver barely misses you. The entropy weaver hits you.
* * * LOW HITPOINT WARNING * * *
The entropy weaver hits you.
* * * LOW HITPOINT WARNING * * *
The entropy weaver misses you.
Okay, then.
You feel much better. The entropy weaver hits you! x2
* * * LOW HITPOINT WARNING * * *
The entropy weaver hits you.
* * * LOW HITPOINT WARNING * * *
The entropy weaver hits you but does no damage.
Unknown command.
Okay, then.
As you read the scroll of teleportation, it crumbles to dust.
You feel strangely unstable. The entropy weaver hits you.
* * * LOW HITPOINT WARNING * * *
The entropy weaver hits you!
You die...

.............'.÷.....(.#
##
............##########.#
###.
....#..<....##.†...†.#.#
#..#
....###.#....#.#####.#.#
###..#
...#####.....#÷#÷? #.#÷#
#.....
...###.......#.#.# #.#.#
##.....
..........####.#.# #.#.#
#...... ..#......#.#
#.#B# #.#.# #......
........#### #.#@# #÷#.#
#...... .....##P# #†#†#
#.#.# ##...... ....#.###
#.#.###°#.# #P......
..#.##.#
#.#.....#÷####......
.#######
#.#######.#.........
###..##
#.÷.....†.#..P......
##....#
############P#.....#
......## ##..# ###.....P
.......## ###..##
##.....


You could see an entropy weaver.

Vanquished Creatures
  Rupert (D:12)
  Nessos (Lair:3)
  A minotaur (Gauntlet)
  3 entropy weavers (Lair:4)
  Fannar (D:11)
  A hell beast (Gauntlet)
  A catoblepas (Lair:4)
  2 hydras (Lair:2)
  Erolcha (D:12)
  3 ghost crabs (Lair:4)
  2 two-headed ogres
  2 boulder beetles
  A death yak (Lair:1)
  Urug (Lair:4)
  A skyshark (Lair:4)
  4 sixfirhies (Gauntlet)
  5 fire crabs (Lair:4)
  A manticore (D:11)
  An ugly thing (D:12)
  6 cyclopes
  An apocalypse crab (Lair:4)
  8 elephants (Lair:4)
  2 gargoyles
  A torpor snail (Lair:1)
  10 cane toads
  4 rime drakes
  A kobold demonologist (D:12)
  Jeremiah (D:8)
  5 komodo dragons
  A yaktaur (D:11)
  Psyche (D:8)
  6 trolls
  2 polar bears
  24 blink frogs
  Sigmund (D:6)
  A wyvern (Lair:1)
  3 shadows
  37 yaks
  A wraith (D:11)
  3 basilisks
  2 steam dragons
  Menkaure (D:5)
  An acid dragon (D:12)
  A hell hound (Gauntlet)
  13 water moccasins
  7 orc warriors
  2 sky beasts
  A laughing skull (D:11)
  A black bear (D:5)
  16 wolves
  An ogre (D:5)
  8 centaurs
  3 phantoms
  7 kobold brigands
  13 bullfrogs
  3 scorpions
  10 wights (D:8)
  A jelly (D:5)
  A bombardier beetle (D:4)
  8 orc priests
  2 hounds
  7 orc wizards
  14 hell rats
  Terence (D:2)
  5 adders
  8 gnolls
  2 white imps
  2 ufetubi (D:6)
  A ribbon worm (D:4)
  A dart slug (D:2)
  35 orcs
  5 endoplasms
  2 giant cockroaches (D:1)
  13 goblins
  14 hobgoblins
  10 jackals
  47 kobolds
  5 quokkas
  7 ball pythons
  3 bats
  3 frilled lizards
  3 rats
442 creatures vanquished.

Vanquished Creatures (others)
  A kobold (D:9)
1 creature vanquished.

Grand Total: 443 creatures vanquished

Notes
Turn   | Place    | Note
-------+----------+-------------------------------------------
     0 | D:1      | SageDae the Tengu Hunter began the quest for the Orb.
     0 | D:1      | Reached XP level 1. HP: 12/12 MP: 2/2
   151 | D:1      | Reached XP level 2. HP: 17/17 MP: 3/3
   581 | D:1      | Reached XP level 3. HP: 22/22 MP: 4/4
   912 | D:2      | Found a faded altar of an unknown god.
  1083 | D:2      | Reached skill level 5 in Ranged Weapons
  1315 | D:2      | Noticed Terence
  1332 | D:2      | Killed Terence
  1410 | D:2      | Reached XP level 4. HP: 27/27 MP: 5/5
  2267 | D:3      | Identified the +7 dagger "Koehivav" {flame, Dex+3}
  2758 | D:4      | Found Syulaol's Superlative Supplies.
  2833 | D:4      | Found a white marble altar of Elyvilon.
  2872 | D:4      | Reached XP level 5. HP: 30/32 MP: 6/6
  3059 | D:4      | Identified the +1 pair of boots of the Skies Above {Str+4}
  3174 | D:4      | Reached skill level 6 in Ranged Weapons
  3202 | D:4      | Found a snail-covered altar of Cheibriados.
  3383 | D:4      | Learned a level 3 spell: Swiftness
  3794 | D:5      | Entered Level 5 of the Dungeon
  3813 | D:5      | Reached XP level 6. HP: 37/37 MP: 7/7
  3942 | D:5      | Found a radiant altar of Vehumet.
  4076 | D:5      | Reached skill level 7 in Ranged Weapons
  4076 | D:5      | Gained mutation: Your magical flight helps you evade
                  | attacks. (EV +4) [Tengu growth]
  4076 | D:5      | Reached XP level 7. HP: 33/42 MP: 8/8
  4304 | D:5      | Found an ornate altar of the Wu Jian Council.
  4435 | D:5      | Found an iron altar of Okawaru.
  4439 | D:5      | Found a sparkling altar of Nemelex Xobeh.
  4449 | D:5      | Became a worshipper of Warmaster Okawaru
  4818 | D:5      | Reached skill level 5 in Dodging
  4856 | D:5      | Found a hazy altar of Hepliaklqana.
  5115 | D:6      | Noticed Menkaure
  5115 | D:6      | Noticed a steam dragon
  5133 | D:5      | Killed Menkaure
  5134 | D:5      | Reached skill level 8 in Ranged Weapons
  5134 | D:5      | Reached XP level 8. HP: 14/48 MP: 9/9
  5171 | D:5      | Reached * piety under Okawaru
  5284 | D:6      | Reached skill level 5 in Fighting
  5456 | D:6      | Reached skill level 9 in Ranged Weapons
  5590 | D:6      | Noticed Sigmund
  5595 | D:6      | Killed Sigmund
  5595 | D:6      | Reached ** piety under Okawaru
  5791 | D:7      | Reached XP level 9. HP: 55/55 MP: 10/10
  5901 | D:7      | Reached skill level 10 in Ranged Weapons
  6018 | D:7      | Found a glowing golden altar of the Shining One.
  6232 | D:7      | Found a staircase to the Ecumenical Temple.
  6258 | D:7      | Got the Directory of the Fjord and Beckoning
  6393 | D:7      | Reached *** piety under Okawaru
  6654 | D:8      | Noticed Jeremiah
  6667 | D:8      | Killed Jeremiah
  6832 | D:8      | Noticed Psyche
  6837 | D:8      | Killed Psyche
  6838 | D:8      | Reached skill level 11 in Ranged Weapons
  7008 | D:8      | Reached **** piety under Okawaru
  7011 | D:8      | Found a staircase to the Lair.
  7029 | D:8      | Reached XP level 10. HP: 63/63 MP: 11/11
  7186 | D:8      | Reached skill level 12 in Ranged Weapons
  7583 | D:9      | Noticed a two-headed ogre
  7589 | D:9      | Killed a two-headed ogre
  7589 | D:9      | Reached ***** piety under Okawaru
  8184 | D:9      | Found a broken altar of Ashenzari.
  8222 | D:10     | Entered Level 10 of the Dungeon
  8243 | D:10     | Reached skill level 13 in Ranged Weapons
  8309 | D:10     | Found Doeluuw's General Store.
  8381 | D:10     | Noticed a two-headed ogre
  8388 | D:10     | Killed a two-headed ogre
  8421 | D:10     | Reached XP level 11. HP: 67/69 MP: 12/12
  8446 | D:10     | Found a flagged portal.
  8453 | Bailey   | Entered a bailey
  9876 | D:10     | Received a gift from Okawaru
 10040 | D:11     | Reached skill level 14 in Ranged Weapons
 10359 | D:11     | Reached skill level 10 in Dodging
 10400 | D:11     | Reached skill level 1 in Armour
 10410 | D:11     | Noticed a manticore
 10419 | D:11     | Killed a manticore
 10501 | D:11     | Noticed a cyclops
 10510 | D:11     | Killed a cyclops
 10519 | D:11     | Noticed a cyclops
 10522 | D:11     | Killed a cyclops
 10530 | D:11     | Received a gift from Okawaru
 10702 | D:11     | Found a portal to a secret trove of treasure.
 10745 | D:11     | Identified the +1 hand axe of Yhumous {drain, Int+3 Dex+2
                  | Stlth+}
 10764 | D:11     | Noticed a cyclops
 10779 | D:11     | Killed a cyclops
 10813 | D:11     | Noticed Fannar
 10829 | D:11     | Killed Fannar
 10830 | D:11     | Reached skill level 15 in Ranged Weapons
 11008 | D:12     | Noticed Erolcha
 11011 | D:12     | Killed Erolcha
 11012 | D:12     | Reached XP level 12. HP: 77/77 MP: 13/13
 11319 | D:12     | Noticed Rupert
 11321 | D:12     | Reached skill level 10 in Fighting
 11327 | D:12     | Paralysed by Rupert for 5 turns
 11663 | D:12     | Noticed a boulder beetle
 11713 | D:12     | Killed a boulder beetle
 12003 | D:12     | Found a staircase to the Orcish Mines.
 12214 | D:12     | Reached skill level 5 in Armour
 12267 | D:12     | Paralysed by Rupert for 2 turns
 12269 | D:12     | Killed Rupert
 12269 | D:12     | Received a gift from Okawaru
 12269 | D:12     | Reached ****** piety under Okawaru
 12270 | D:12     | Reached skill level 16 in Ranged Weapons
 12294 | D:12     | Acquired the +1 cloak "Doumuher" {rC+ Will+ Int+2}
 12294 | D:12     | Received a gift from Okawaru
 12305 | D:12     | Acquired a +6 longbow of flaming
 12305 | D:12     | Received a gift from Okawaru
 12797 | Lair:1   | Entered Level 1 of the Lair of Beasts
 12817 | Lair:1   | Received a gift from Okawaru
 12923 | Lair:1   | Got the Cyclopedia of Arcane Combat
 13008 | Lair:1   | Reached skill level 1 in Air Magic
 13011 | Lair:1   | Noticed a death yak
 13023 | Lair:1   | Killed a death yak
 13146 | Lair:1   | Reached skill level 17 in Ranged Weapons
 13153 | Lair:1   | Reached XP level 13. HP: 75/82 MP: 14/14
 13504 | Lair:1   | Found a white marble altar of Elyvilon.
 13831 | Lair:2   | Received a gift from Okawaru
 13857 | Lair:2   | Found a gate leading to a gauntlet.
 13882 | Gauntlet | Entered a Gauntlet
 13882 | Gauntlet | Found a transporter.
 13885 | Gauntlet | Found a transporter.
 13887 | Gauntlet | Found a transporter.
 13887 | Gauntlet | Found a transporter.
 13887 | Gauntlet | Noticed an entropy weaver
 13890 | Gauntlet | Found a transporter.
 13891 | Gauntlet | Found a transporter.
 13899 | Gauntlet | Found a transporter.
 13900 | Gauntlet | Found a transporter.
 13917 | Gauntlet | Noticed a blizzard demon
 13918 | Gauntlet | Found a transporter.
 13936 | Gauntlet | Found a transporter.
 13940 | Gauntlet | Found a transporter.
 13951 | Gauntlet | Found a transporter.
 14125 | Gauntlet | Reached skill level 5 in Air Magic
 14280 | Gauntlet | Identified the amulet "Luinackyik" {Acrobat Rampage Will-
                  | SInv}
 14436 | Gauntlet | Identified the +8 chain mail of Spite {^Contam rC++ Str-5
                  | Dex+2}
 14436 | Gauntlet | Noticed a minotaur
 14445 | Gauntlet | Killed a minotaur
 14748 | Lair:2   | Received a gift from Okawaru
 14751 | Lair:2   | Reached skill level 18 in Ranged Weapons
 15172 | Lair:2   | Found a staircase to the Shoals.
 15342 | Lair:2   | Found a hole to the Spider Nest.
 15781 | Lair:3   | Noticed Nessos
 15785 | Lair:3   | Killed Nessos
 15785 | Lair:3   | Received a gift from Okawaru
 16145 | Lair:3   | Reached XP level 14. HP: 88/88 MP: 15/15
 16402 | Lair:3   | Identified a scroll of acquirement
 16402 | Lair:3   | Acquired a manual of Air Magic
 16721 | Lair:4   | Received a gift from Okawaru
 16722 | Lair:4   | Reached skill level 19 in Ranged Weapons
 17090 | Lair:4   | Noticed Urug
 17097 | Lair:4   | Killed Urug
 17098 | Lair:4   | Reached skill level 10 in Air Magic
 17220 | Lair:4   | Found a staircase to the Slime Pits.
 17382 | Lair:4   | Reached skill level 10 in Armour
 17405 | Lair:4   | Found a runed translucent door.
 17781 | Lair:4   | Received a gift from Okawaru
 18345 | Lair:4   | Reached skill level 20 in Ranged Weapons
 18357 | Lair:4   | Slain by an entropy weaver

Illustrated notes

Levels and vault maps discovered:
D:1:      roadster_arrival_rocket_small, layout_loops_ring
D:2:      layout_basic, ebering_ecumenical_altar_rust, nrook_loot_triangle,
          uniq_terence
D:3:      layout_basic, nicolae_concentric_dashed_squares_wild,
          minmay_fountain_box, feat_on_display
D:4:      layout_loops_corners, slow_altar_2, elyvilon_altar_5,
          serial_library_hellmonk_filled_rooms, minivault_14,
          nicolae_alphabet_shops
D:5:      layout_basic, mainiacjoe_overflow_six_doors_small,
          kennysheep_little_box, minmay_overflow_temple_star_quad
D:6:      layout_rooms, minmay_misc_feat_rugged, uniq_sigmund, uniq_menkaure
D:7:      layout_loops_ring, tso_metal_star, minmay_temple_entry_mini_moons
D:8:      layout_loops_cross, lair_entry_dummy, hangedman_decor_slide_cut,
          uniq_psyche, uniq_jeremiah
D:9:      layout_gridville, lemuel_tele_altar
D:10:     layout_loops_cross, enter_bailey_3, serial_shops, shop
D:11:     kennysheep_blocky_room, layout_rooms, enter_trove_6, uniq_fannar
D:12:     layout_loops_ring, david_orc_3, uniq_rupert, uniq_erolcha
Lair:1:   layout_cave_pods, basic_altar, grunt_megastairs_5
Lair:2:   layout_cave_pods, shoals_dummy_entry, dummy_spider_entry,
          gauntlet_entry_generic, guppyfry_lair_drakes
Lair:3:   layout_chaotic_city, uniq_nessos
Lair:4:   gammafunk_mikee_crab_dinner, layout_cave_pods,
          dpeg_slime_entry_corner, uniq_urug

Skill      XL: |  1  2  3  4  5  6  7  8  9 10 11 12 13 14 |
---------------+-------------------------------------------+-----
Ranged Weapons | 5 6 7 8 9 11 13 15 17 18 20 | 20.0
Dodging        | 3 4 5 6 7 9 10 | 10.0
Fighting       | 3 4 5 7 8 9 10 | 10.0
Armour         | 3 7 9 10 | 10.0
Air Magic      | 3 7 12 | 12.1
Stealth        | |  1.0

Action                     |  1- 3 |  4- 6 |  7- 9 | 10-12 | 13-15 || total
---------------------------+-------+-------+-------+-------+-------++-------
  Melee: Dagger            |     9 |    23 |    57 |   154 |    22 ||   265
         Peck              |     4 |     4 |    19 |    36 |     3 ||    66
         Kick              |     3 |     6 |    20 |    68 |     7 ||   104
   Fire: Shortbow          |    64 |   140 |    34 |       |       ||   238
         Orcbow            |       |       |   141 |   447 |       ||   588
         Longbow           |       |       |       |    72 |   455 ||   527
 Invoke: Receive Weapon    |       |       |       |     1 |       ||     1
         Receive Armour    |       |       |       |     1 |       ||     1
    Use: Scroll            |     5 |     3 |     8 |     6 |     8 ||    30
         Potion            |       |       |       |     2 |     2 ||     4
   Stab: Invisible         |       |       |       |     2 |       ||     2
 Armour: Leather armour    |    10 |    30 |    41 |       |       ||    81
         Robe              |       |       |     3 |    81 |   127 ||   211
  Dodge: Dodged            |     5 |    43 |    84 |   252 |   193 ||   577

Table legend: (Time is in decaauts)
 A = Elapsed time spent in this place.
 B = Non-inter-level travel time spent in this place.
 C = Inter-level travel time spent in this place.
 D = Time resting spent in this place.
 E = Time spent auto-exploring this place.
 F = Levels seen in this place.
 G = Mean time per level.
                   A        B        C        D        E       F      G
               +--------+--------+--------+--------+--------+-----+--------+
         Total |  18147 |  17613 |    534 |   4962 |   9833 |  18 | 1008.2 |
       Dungeon |  11650 |  11220 |    430 |   2515 |   6912 |  12 |  970.8 |
          Lair |   4800 |   4696 |    104 |   1375 |   2717 |   4 | 1200.0 |
        Bailey |   1051 |   1051 |      0 |    768 |    142 |   1 | 1051.0 |
      Gauntlet |    644 |    644 |      0 |    302 |     62 |   1 |  644.0 |
               +--------+--------+--------+--------+--------+-----+--------+

Top non-repeatable levels by time:
  Lair:4: 1856 daAuts
    D:12: 1558 daAuts
     D:5: 1452 daAuts
    D:11: 1054 daAuts
  Bailey: 1051 daAuts
     D:4: 1041 daAuts
  Lair:3: 992 daAuts
     D:3: 985 daAuts
  Lair:2: 978 daAuts
  Lair:1: 973 daAuts
     D:8: 920 daAuts
     D:1: 902 daAuts
     D:2: 889 daAuts
     D:7: 852 daAuts
    D:10: 779 daAuts
